TOP OF THE 1ST |
Missoula Osprey batting - Pitching for Johnson City Cardinals : RHP Norietsu Higashi
|
Pitching: RHP Norietsu Higashi
|
|
Batting: RHB Hyeok Shon
|
0-0: Ball 1-0: Foul Ball, location: 2F 1-1: Ground out 5-3 (Groundball, 5, EV 85.0 MPH)
|
Batting: RHB Orlando Florez
|
0-0: Called Strike 0-1: Ground out U3 (Groundball, 34, EV 94.4 MPH)
|
Batting: LHB Dallas Kelly
|
0-0: Called Strike 0-1: Fly out, F7 (Flyball, 7S, EV 87.5 MPH)
|
Top of the 1st over - 0 runs, 0 hits, 0 errors, 0 left on base; Missoula 0 - Johnson City 0 |
BOTTOM OF THE 1ST |
Johnson City Cardinals batting - Pitching for Missoula Osprey : RHP Tom Moore
|
Pitching: RHP Tom Moore
|
|
Batting: RHB Nick Latulippe
|
0-0: Ball 1-0: Ball 2-0: Swinging Strike 2-1: Foul Ball, location: 2F 2-2: Foul Ball, location: 2F 2-2: Ball 3-2: Strikes out swinging
|
Batting: LHB Billy Lang
|
0-0: Foul Ball, location: 2F 0-1: Ball 1-1: Ball 2-1: Ground out 6-3 (Groundball, 6M, EV 109.4 MPH)
|
Batting: RHB Kyle Burns
|
0-0: Called Strike 0-1: Ground out 3-1 (Groundball, 34, EV 86.9 MPH)
|
Bottom of the 1st over - 0 runs, 0 hits, 0 errors, 0 left on base; Missoula 0 - Johnson City 0 |
TOP OF THE 2ND |
Missoula Osprey batting - Pitching for Johnson City Cardinals : RHP Norietsu Higashi
|
Batting: RHB D.J. Cooke
|
0-0: Foul Ball, location: 2F 0-1: Ball 1-1: Called Strike 1-2: Ball 2-2: Ball 3-2: Strikes out swinging
|
Batting: RHB Mike Swift
|
0-0: Foul Ball, location: 2F 0-1: Called Strike 0-2: Ball 1-2: SOLO HOME RUN (Line Drive, 78XD, EV 109.4 MPH), Distance : 459 ft
|
Batting: LHB Josh Thomas
|
0-0: Called Strike 0-1: Called Strike 0-2: Ball 1-2: Ball 2-2: Foul Ball, location: 2F 2-2: Ball 3-2: Base on Balls
|
Batting: RHB Daniel Rivera
|
0-0: Ball 1-0: Foul Ball, location: 2F 1-1: Called Strike 1-2: Foul Ball, location: 2F 1-2: Foul Ball, location: 2F 1-2: Ball 2-2: Foul Ball, location: 2F 2-2: Ball 3-2: Grounds into double play, 6-4-3 (Groundball, 6, EV 83.1 MPH)
|
Top of the 2nd over - 1 run, 1 hit, 0 errors, 0 left on base; Missoula 1 - Johnson City 0 |
BOTTOM OF THE 2ND |
Johnson City Cardinals batting - Pitching for Missoula Osprey : RHP Tom Moore
|
Batting: SHB Justin Towry
|
0-0: Ball 1-0: Called Strike 1-1: Foul Ball, location: 2F 1-2: Strikes out swinging
|
Batting: RHB Herbert Loveless
|
0-0: Ball 1-0: Called Strike 1-1: Foul Ball, location: 2F 1-2: Ground out 6-3 (Groundball, 6MS, EV 65.0 MPH)
|
Batting: LHB Ken Compton
|
0-0: Called Strike 0-1: Called Strike 0-2: Ball 1-2: Ball 2-2: Strikes out swinging
|
Bottom of the 2nd over - 0 runs, 0 hits, 0 errors, 0 left on base; Missoula 1 - Johnson City 0 |
TOP OF THE 3RD |
Missoula Osprey batting - Pitching for Johnson City Cardinals : RHP Norietsu Higashi
|
Batting: RHB Zach Espinosa
|
0-0: Ball 1-0: Foul Ball, location: 2F 1-1: Ground out 4-3 (Groundball, 4, EV 86.2 MPH)
|
Batting: RHB Matt Bailey
|
0-0: Ball 1-0: Foul Ball, location: 2F 1-1: Called Strike 1-2: Foul Ball, location: 2F 1-2: Foul Ball, location: 2F 1-2: Ball 2-2: Foul Ball, location: 2F 2-2: Ball 3-2: Base on Balls
|
Batting: RHB Hyeok Shon
|
0-0: Ball 1-0: Ball 2-0: Foul Ball, location: 2F 2-1: Foul Ball, location: 2F 2-2: Foul Ball, location: 2F 2-2: Ball 3-2: Base on Balls Matt Bailey to second
|
Batting: RHB Orlando Florez
|
0-0: Ball 1-0: Ball 2-0: Ball 3-0: Base on Balls Matt Bailey to third Hyeok Shon to second
|
Batting: LHB Dallas Kelly
|
0-0: Ball 1-0: Foul Ball, location: 2F 1-1: Swinging Strike 1-2: Foul Ball, location: 2F 1-2: GRAND SLAM HOME RUN (Flyball, 9D, EV 98.8 MPH), Distance : 383 ft
|
Batting: RHB D.J. Cooke
|
0-0: Ball 1-0: Ball 2-0: Called Strike 2-1: Called Strike 2-2: Strikes out swinging, 2-3 out at first.
|
Batting: RHB Mike Swift
|
0-0: Ball 1-0: Ground out 5-3 (Groundball, 56S, EV 68.8 MPH)
|
Top of the 3rd over - 4 runs, 1 hit, 0 errors, 0 left on base; Missoula 5 - Johnson City 0 |
BOTTOM OF THE 3RD |
Johnson City Cardinals batting - Pitching for Missoula Osprey : RHP Tom Moore
|
Batting: RHB Geoff Musico
|
0-0: Ball 1-0: Called Strike 1-1: Swinging Strike 1-2: Foul Ball, location: 2F 1-2: Ball 2-2: Ball 3-2: Foul Ball, location: 2F 3-2: Strikes out swinging
|
Batting: RHB Bobby Miles
|
0-0: Foul Ball, location: 2F 0-1: Ground out 6-3 (Groundball, 6S, EV 90.6 MPH)
|
Batting: RHB Alex Melgoza
|
0-0: Ball 1-0: Ball 2-0: Ball 3-0: Base on Balls
|
Batting: RHB Nick Latulippe
|
0-0: Ball 1-0: Foul Ball, location: 2F 1-1: Fly out, F8 (Flyball, 8RD, EV 76.9 MPH)
|
Bottom of the 3rd over - 0 runs, 0 hits, 0 errors, 1 left on base; Missoula 5 - Johnson City 0 |
TOP OF THE 4TH |
Missoula Osprey batting - Pitching for Johnson City Cardinals : RHP Norietsu Higashi
|
Batting: LHB Josh Thomas
|
0-0: Ball 1-0: Swinging Strike 1-1: Foul Ball, location: 2F 1-2: Ground out 5-3 (Groundball, 56, EV 88.1 MPH)
|
Batting: RHB Daniel Rivera
|
0-0: Called Strike 0-1: Ball 1-1: Ground out 6-3 (Groundball, 56, EV 79.4 MPH)
|
Batting: RHB Zach Espinosa
|
0-0: Ball 1-0: Ball 2-0: SINGLE (Groundball, 34D, EV 103.8 MPH)
|
Pitching: LHP Andy Fitzsimmons
|
|
Batting: RHB Matt Bailey
|
0-0: Ball 1-0: Ball 2-0: Ball 3-0: Called Strike 3-1: Base on Balls Zach Espinosa to second
|
Batting: RHB Hyeok Shon
|
0-0: Ball 1-0: Called Strike 1-1: Swinging Strike 1-2: Foul Ball, location: 2F 1-2: Strikes out looking
|
Top of the 4th over - 0 runs, 1 hit, 0 errors, 2 left on base; Missoula 5 - Johnson City 0 |
BOTTOM OF THE 4TH |
Johnson City Cardinals batting - Pitching for Missoula Osprey : RHP Tom Moore
|
Batting: LHB Billy Lang
|
0-0: Called Strike 0-1: Swinging Strike 0-2: Strikes out looking
|
Batting: RHB Kyle Burns
|
0-0: Called Strike 0-1: Ball 1-1: Foul Ball, location: 2F 1-2: Ground out 4-3 (Groundball, 13, EV 83.1 MPH)
|
Batting: SHB Justin Towry
|
0-0: Called Strike 0-1: Foul Ball, location: 2F 0-2: Ball 1-2: Ball 2-2: Foul Ball, location: 2F 2-2: Ball 3-2: Foul Ball, location: 2F 3-2: Base on Balls
|
Batting: RHB Herbert Loveless
|
0-0: Called Strike 0-1: DOUBLE (Groundball, 5L, EV 107.5 MPH) Justin Towry to third Runner from 3rd tries for Home, SAFE, throw by LF to home
|
Batting: LHB Ken Compton
|
0-0: Called Strike 0-1: Ball Wild Pitch! Herbert Loveless to third 1-1: Ball 2-1: Foul Ball, location: 2F 2-2: Ball 3-2: Base on Balls
|
Batting: RHB Geoff Musico
|
0-0: Ball 1-0: Called Strike 1-1: Ball 2-1: Ball 3-1: Base on Balls Ken Compton to second
|
Batting: RHB Bobby Miles
|
0-0: Hit by Pitch Herbert Loveless scores Ken Compton to third Geoff Musico to second
|
Batting: RHB Alex Melgoza
|
0-0: Called Strike 0-1: Ball 1-1: Foul Ball, location: 2F 1-2: Foul Ball, location: 2F 1-2: Fly out, F7 (Flyball, 7D, EV 100.0 MPH)
|
Bottom of the 4th over - 2 runs, 1 hit, 0 errors, 3 left on base; Missoula 5 - Johnson City 2 |
TOP OF THE 5TH |
Missoula Osprey batting - Pitching for Johnson City Cardinals : LHP Andy Fitzsimmons
|
Batting: RHB Orlando Florez
|
0-0: Ball 1-0: Ball 2-0: Foul Ball, location: 2F 2-1: Foul Ball, location: 2F 2-2: Strikes out swinging
|
Batting: LHB Dallas Kelly
|
0-0: Foul Ball, location: 2F 0-1: Ball 1-1: Called Strike 1-2: Ball 2-2: Fly out, F8 (Line Drive, 8RM, EV 86.9 MPH)
|
Pitching: LHP Heriberto Flores
|
|
Batting: RHB D.J. Cooke
|
0-0: Called Strike 0-1: Ball 1-1: Swinging Strike 1-2: Ball 2-2: Strikes out swinging
|
Top of the 5th over - 0 runs, 0 hits, 0 errors, 0 left on base; Missoula 5 - Johnson City 2 |
BOTTOM OF THE 5TH |
Johnson City Cardinals batting - Pitching for Missoula Osprey : RHP Tom Moore
|
Batting: RHB Nick Latulippe
|
0-0: Ball 1-0: Ball 2-0: Called Strike 2-1: Foul Ball, location: 2F 2-2: SINGLE (Line Drive, 4MD, EV 95.6 MPH)
|
Batting: LHB Billy Lang
|
0-0: Ball 1-0: Ball 2-0: Ball 3-0: Called Strike 3-1: Base on Balls Nick Latulippe to second
|
Batting: RHB Kyle Burns
|
0-0: Ball 1-0: Called Strike 1-1: Fly out, F9 (Flyball, 89S, EV 79.4 MPH)
|
Batting: SHB Justin Towry
|
0-0: Ball 1-0: Ball 2-0: Called Strike 2-1: Foul Ball, location: 2F 2-2: Strikes out looking
|
Batting: RHB Herbert Loveless
|
0-0: Ball 1-0: Ball 2-0: Ball 3-0: Base on Balls Nick Latulippe to third Billy Lang to second
|
Batting: LHB Ken Compton
|
0-0: Ground out U3 (Groundball, 3, EV 88.1 MPH)
|
Bottom of the 5th over - 0 runs, 1 hit, 0 errors, 3 left on base; Missoula 5 - Johnson City 2 |
TOP OF THE 6TH |
Missoula Osprey batting - Pitching for Johnson City Cardinals : LHP Heriberto Flores
|
Batting: RHB Mike Swift
|
0-0: Foul Ball, location: 2F 0-1: Foul Ball, location: 2F 0-2: SINGLE (Groundball, 6, EV 96.2 MPH)
|
Batting: LHB Josh Thomas
|
0-0: Ball Wild Pitch! Mike Swift to second 1-0: Ball 2-0: Ball 3-0: Called Strike 3-1: Called Strike 3-2: Fly out, F8 (Flyball, 8RD, EV 104.4 MPH)
|
Batting: RHB Daniel Rivera
|
0-0: Ball 1-0: Swinging Strike 1-1: Foul Ball, location: 2F 1-2: 2-RUN HOME RUN (Flyball, 8LXD, EV 115.0 MPH), Distance : 449 ft
|
Pitching: RHP Jim Morse
|
|
Batting: RHB Zach Espinosa
|
0-0: Ball 1-0: Swinging Strike 1-1: Ball 2-1: Fly out, F8 (Flyball, 78M, EV 87.5 MPH)
|
Batting: RHB Matt Bailey
|
0-0: Ball 1-0: Ball 2-0: SOLO HOME RUN (Flyball, 7LD, EV 95.6 MPH), Distance : 353 ft
|
Batting: RHB Hyeok Shon
|
0-0: Ball 1-0: Foul Ball, location: 2F 1-1: Called Strike 1-2: Ball 2-2: SINGLE (Flyball, 3D, EV 93.1 MPH)
|
Batting: RHB Orlando Florez
|
0-0: Ball Hyeok Shon steals 2nd base 1-0: Ball 2-0: Ball Wild Pitch! Hyeok Shon to third 3-0: Swinging Strike 3-1: Swinging Strike 3-2: Base on Balls
|
Batting: LHB Dallas Kelly
|
0-0: Ball 1-0: Swinging Strike 1-1: Ball 2-1: DOUBLE (Line Drive, 8RXD, EV 96.9 MPH) Hyeok Shon scores Orlando Florez to third
|
Batting: RHB D.J. Cooke
|
0-0: Ball 1-0: Called Strike 1-1: Ball 2-1: Foul Ball, location: 2F 2-2: Ball 3-2: Strikes out looking
|
Top of the 6th over - 4 runs, 5 hits, 0 errors, 2 left on base; Missoula 9 - Johnson City 2 |
BOTTOM OF THE 6TH |
Johnson City Cardinals batting - Pitching for Missoula Osprey : RHP Tom Moore
|
Pitching: RHP Victor Cisneros
|
|
Batting: RHB Geoff Musico
|
0-0: Ball 1-0: Foul Ball, location: 2F 1-1: Ground out 5-3 (Groundball, 56, EV 91.2 MPH)
|
Batting: RHB Bobby Miles
|
0-0: Ball 1-0: Ball 2-0: Fly out, F8 (Flyball, 89M, EV 96.2 MPH)
|
Batting: RHB Alex Melgoza
|
0-0: Ball 1-0: Foul Ball, location: 2F 1-1: Ball 2-1: Ball 3-1: Base on Balls
|
Batting: RHB Nick Latulippe
|
0-0: Called Strike 0-1: Called Strike 0-2: Foul Ball, location: 2F 0-2: Foul Ball, location: 2F 0-2: Ball 1-2: Ball 2-2: Ball 3-2: Base on Balls Alex Melgoza to second
|
Batting: LHB Billy Lang
|
0-0: Ball 1-0: Ball 2-0: Swinging Strike 2-1: Swinging Strike 2-2: Ball 3-2: Strikes out swinging
|
Bottom of the 6th over - 0 runs, 0 hits, 0 errors, 2 left on base; Missoula 9 - Johnson City 2 |
TOP OF THE 7TH |
Missoula Osprey batting - Pitching for Johnson City Cardinals : RHP Jim Morse
|
Pinch Hitting: RHB Jonathan Mora
|
0-0: Ball 1-0: Ball 2-0: Swinging Strike 2-1: Swinging Strike 2-2: Strikes out looking
|
Batting: LHB Josh Thomas
|
0-0: Ball 1-0: Swinging Strike 1-1: Ball 2-1: Ball 3-1: Base on Balls
|
Pinch Hitting: RHB Edwin Romero
|
0-0: Swinging Strike 0-1: Foul Ball, location: 2F 0-2: Strikes out swinging
|
Batting: RHB Zach Espinosa
|
0-0: 2-RUN HOME RUN (Flyball, 9D, EV 96.9 MPH), Distance : 367 ft
|
Batting: RHB Matt Bailey
|
0-0: Ball 1-0: SINGLE (Groundball, 4MD, EV 99.4 MPH)
|
Batting: RHB Hyeok Shon
|
0-0: Called Strike 0-1: Swinging Strike 0-2: Ground out 1-3 (Groundball, 15S, EV 68.1 MPH)
|
Top of the 7th over - 2 runs, 2 hits, 0 errors, 1 left on base; Missoula 11 - Johnson City 2 |
BOTTOM OF THE 7TH |
Johnson City Cardinals batting - Pitching for Missoula Osprey : RHP Victor Cisneros
|
Now at 1B: Jonathan Mora
|
|
Now at 2B: Edwin Romero
|
|
Batting: RHB Kyle Burns
|
0-0: Called Strike 0-1: SINGLE (Groundball, 6D, EV 103.1 MPH)
|
Batting: SHB Justin Towry
|
0-0: Ball 1-0: Ball 2-0: Ball 3-0: Foul Ball, location: 2F 3-1: Base on Balls Kyle Burns to second
|
Pitching: RHP Vinny Segura
|
|
Batting: RHB Herbert Loveless
|
0-0: Ball 1-0: Foul Ball, location: 2F 1-1: SINGLE (Groundball, 56D, EV 101.2 MPH) Kyle Burns to third Justin Towry to second Runner from 3rd tries for Home, SAFE, throw by LF to home
|
Batting: LHB Ken Compton
|
0-0: Fly out, F2 (Popup, 25F, EV 88.1 MPH)
|
Batting: RHB Geoff Musico
|
0-0: Ball 1-0: Ball 2-0: Ball Wild Pitch! Justin Towry to third Herbert Loveless to second 3-0: Base on Balls
|
Batting: RHB Bobby Miles
|
0-0: Ball 1-0: Called Strike 1-1: Called Strike 1-2: Foul Ball, location: 2F 1-2: Fly out, F8 (Flyball, 8RXD, EV 95.6 MPH) Runner from 3rd tags up, SCORES, no throw by CF
|
Batting: RHB Alex Melgoza
|
0-0: Foul Ball, location: 2F 0-1: Ball 1-1: Ball 2-1: Called Strike 2-2: Strikes out swinging, 2-3 out at first.
|
Bottom of the 7th over - 2 runs, 2 hits, 0 errors, 2 left on base; Missoula 11 - Johnson City 4 |
TOP OF THE 8TH |
Missoula Osprey batting - Pitching for Johnson City Cardinals : RHP Jim Morse
|
Batting: RHB Orlando Florez
|
0-0: Ball 1-0: Called Strike 1-1: DOUBLE (Groundball, 5L, EV 105.6 MPH)
|
Batting: LHB Dallas Kelly
|
0-0: Foul Ball, location: 2F 0-1: Ball 1-1: Ball 2-1: Fly out, F7 (Flyball, 7, EV 88.8 MPH)
|
Batting: RHB D.J. Cooke
|
0-0: 2-RUN HOME RUN (Flyball, 7D, EV 96.2 MPH), Distance : 385 ft
|
Batting: RHB Jonathan Mora
|
0-0: Foul Ball, location: 2F 0-1: Foul Ball, location: 2F 0-2: Ball 1-2: Ball 2-2: Ball 3-2: Base on Balls
|
Pitching: RHP David Lopez
|
|
Batting: LHB Josh Thomas
|
0-0: Ball 1-0: Ball 2-0: Ball 3-0: Base on Balls Jonathan Mora to second
|
Batting: RHB Edwin Romero
|
0-0: Called Strike 0-1: Called Strike 0-2: Foul Ball, location: 2F 0-2: Ball 1-2: Strikes out swinging
|
Batting: RHB Zach Espinosa
|
0-0: Called Strike 0-1: Foul Ball, location: 2F 0-2: Foul Ball, location: 2F 0-2: Foul Ball, location: 2F 0-2: Ball 1-2: Ball 2-2: Fly out, F8 (Flyball, 8LM, EV 76.2 MPH)
|
Top of the 8th over - 2 runs, 2 hits, 0 errors, 2 left on base; Missoula 13 - Johnson City 4 |
BOTTOM OF THE 8TH |
Johnson City Cardinals batting - Pitching for Missoula Osprey : RHP Vinny Segura
|
Pinch Hitting: RHB Sam Daw
|
0-0: Foul Ball, location: 2F 0-1: Swinging Strike 0-2: Ball 1-2: Strikes out swinging
|
Batting: LHB Billy Lang
|
0-0: Ball 1-0: Called Strike 1-1: Ground out 6-3 (Groundball, P, EV 83.1 MPH)
|
Batting: RHB Kyle Burns
|
0-0: Ball 1-0: Fly out, F8 (Flyball, 89S, EV 91.9 MPH)
|
Bottom of the 8th over - 0 runs, 0 hits, 0 errors, 0 left on base; Missoula 13 - Johnson City 4 |
TOP OF THE 9TH |
Missoula Osprey batting - Pitching for Johnson City Cardinals : RHP David Lopez
|
Now at 3B: Alex Melgoza
|
|
Now in RF: Sam Daw
|
|
Batting: RHB Matt Bailey
|
0-0: Swinging Strike 0-1: Foul Ball, location: 2F 0-2: Ball 1-2: Ball 2-2: Foul Ball, location: 2F 2-2: SINGLE (Groundball, 34D, EV 98.1 MPH)
|
Batting: RHB Hyeok Shon
|
0-0: Fly out, F3 (Popup, 3, EV 68.1 MPH)
|
Batting: RHB Orlando Florez
|
0-0: Called Strike 0-1: Foul Ball, location: 2F 0-2: Foul Ball, location: 2F 0-2: Ball 1-2: Foul Ball, location: 2F 1-2: Foul Ball, location: 2F 1-2: Strikes out swinging
|
Batting: LHB Dallas Kelly
|
0-0: Ball 1-0: Ball 2-0: Called Strike 2-1: Swinging Strike 2-2: Foul Ball, location: 2F 2-2: Strikes out swinging
|
Top of the 9th over - 0 runs, 1 hit, 0 errors, 1 left on base; Missoula 13 - Johnson City 4 |
BOTTOM OF THE 9TH |
Johnson City Cardinals batting - Pitching for Missoula Osprey : RHP Vinny Segura
|
Batting: SHB Justin Towry
|
0-0: Called Strike 0-1: Ball 1-1: Foul Ball, location: 2F 1-2: Strikes out swinging
|
Batting: RHB Herbert Loveless
|
0-0: Ball 1-0: Called Strike 1-1: Ball 2-1: Foul Ball, location: 2F 2-2: Ball 3-2: Base on Balls
|
Pitching: LHP Josh Hubbard
|
|
Batting: LHB Ken Compton
|
0-0: Called Strike 0-1: Ball 1-1: Ball 2-1: Called Strike 2-2: 2-RUN HOME RUN (Flyball, 9LD, EV 98.1 MPH), Distance : 354 ft
|
Batting: RHB Geoff Musico
|
0-0: Ball 1-0: Called Strike 1-1: Foul Ball, location: 2F 1-2: Strikes out swinging
|
Batting: RHB Bobby Miles
|
0-0: Foul Ball, location: 2F 0-1: Ball 1-1: Ground out 4-3 (Groundball, 4, EV 106.9 MPH)
|
Bottom of the 9th over - 2 runs, 1 hit, 0 errors, 0 left on base; Missoula 13 - Johnson City 6 |
|